 Dungeon Crawl Stone Soup version 0.29.1-13-g9f3cf754e1 (webtiles) character file.

Game seed: 8164421378172464138

3101 Exodus22XD the Poker (level 9, -7/67 HPs)
             Began as a Demonspawn Gladiator on Feb 3, 2023.
             Was an Elder of Uskayaw.
             Mangled by Joseph
             ... wielding a +0 antimagic quarterstaff
              (14 damage)
             ... on level 7 of the Dungeon.
             The game lasted 00:11:43 (6286 turns).

Exodus22XD the Poker (Demonspawn Gladiator)         Turns: 6286, Time: 00:11:44

Health: -7/67      AC: 12    Str: 18    XL:     9   Next: 59%
Magic:  0/13       EV: 15    Int: 10    God:    Uskayaw [****..]
Gold:   360        SH:  5    Dex: 15    Spells: 8/8 levels left

rFire   + . .      SeeInvis .   a - +0 trident
rCold   . . .      Faith    .   (no shield)
rNeg    . . .      Spirit   .   g - +0 scale mail
rPois   .          Reflect  +   k - +1 helmet
rElec   .          Harm     .   (no cloak)
rCorr   .          Rampage  .   q - +0 pair of gloves
Will    .....                   G - +0 pair of boots
Stlth   +.........              o - amulet of reflection
HPRegen 0.21/turn               m - ring of protection from fire
MPRegen 0.13/turn               s - +4 ring of evasion

@: no status effects
A: foul stench 2, powered by death 1, demonic touch 2
a: Renounce Religion, Stomp, Line Pass


You were on level 7 of the Dungeon.
You worshipped Uskayaw.
Uskayaw was noncommittal.
You visited 2 branches of the dungeon, and saw 8 of its levels.

You collected 360 gold pieces.

Inventory:

Hand Weapons
 a - a +0 trident (weapon)
Missiles
 d - 3 throwing nets (quivered)
 e - a javelin
Armour
 g - a +0 scale mail (worn)
 k - a +1 helmet (worn)
 q - a +0 pair of gloves (worn)
 G - a +0 pair of boots (worn)
Jewellery
 f - a ring of see invisible
 m - a ring of protection from fire (left hand)
 o - an amulet of reflection (around neck)
 s - a +4 ring of evasion (right hand)
 D - a ring of resist corrosion
Wands
 A - a wand of mindburst (15)
 E - a wand of paralysis (2)
 F - a wand of flame (27)
Scrolls
 b - 2 scrolls of enchant weapon
 c - 2 scrolls of magic mapping {unknown}
 h - 6 scrolls of teleportation {unknown}
 i - a scroll of immolation {unknown}
 j - 2 scrolls of blinking {unknown}
 l - 3 scrolls of vulnerability {unknown}
 p - 3 scrolls of torment
 t - 2 scrolls of poison {unknown}
 u - 2 scrolls of noise {unknown}
 w - a scroll of silence {unknown}
 y - a scroll of brand weapon {unknown}
 B - a scroll of enchant armour {unknown}
Potions
 n - 2 potions of mutation
 r - 3 potions of lignification
 v - 3 potions of curing
 x - a potion of degeneration {unknown}
 z - a potion of haste {unknown}
 C - 2 potions of brilliance {unknown}
 H - 2 potions of cancellation {unknown}


   Skills:
 + Level 4.8 Fighting
 + Level 7.0 Polearms
 - Level 1.7 Throwing
 * Level 6.4 Armour
 + Level 4.0 Dodging
 * Level 4.0 Stealth
 + Level 2.0 Shields
 * Level 6.3 Invocations


You had 8 spell levels left.
You didn't know any spells.
Your spell library was empty.

Dungeon Overview and Level Annotations

Branches:
Dungeon (7/15)             Temple (1/1) D:4

Altars:
Ashenzari
Hepliaklqana
Makhleb
Nemelex Xobeh
Uskayaw
Vehumet
Wu Jian
Yredelemnul

Annotations:
D:7 Joseph


Innate Abilities, Weirdness & Mutations

You sometimes emit foul miasma when damaged in melee.
You regenerate a little health from kills.
Your touch may inflict irresistible damage on your foes.


Message History

You hit Maggie.
You kill Maggie!
You feel sick.
Joseph shoots a sling bullet.
The sling bullet misses you.
Your Polearms skill increases to level 7!
Your Dodging skill increases to level 4!
Your Stealth skill increases to level 4!
Your Shields skill increases to level 2!
Okay, then.
You feel better.
Joseph shoots a sling bullet.
The sling bullet closely misses you.
You hit Joseph.
You touch Joseph!
Joseph is severely wounded.
Joseph unwields a +0 sling.
Joseph wields a +0 antimagic quarterstaff.
Joseph hits you with a +0 antimagic quarterstaff.
You feel your power leaking away.
Uskayaw will force your foes to share their pain.
Okay, then.
You puncture Joseph!
Joseph is almost dead.
You hit Joseph. Your touch misses Joseph.
Joseph is almost dead.
Joseph drinks a potion.
Joseph is healed!
You barely miss Joseph.
Joseph is severely wounded.
Joseph hits you with a +0 antimagic quarterstaff!
* * * LOW HITPOINT WARNING * * *
You feel your power leaking away.
You emit a cloud of foul miasma!
You closely miss Joseph.
Joseph is severely wounded.
Joseph is engulfed in dark miasma.
Joseph is poisoned.
Joseph hits you with a +0 antimagic quarterstaff!
* * * LOW HITPOINT WARNING * * *
You feel your power leaking away.
You hit Joseph but do no damage.
Joseph is severely wounded.
Joseph is engulfed in dark miasma.
Joseph looks even sicker.
Joseph hits you with a +0 antimagic quarterstaff!
You die...

###....##. #......... #####
####........ ..#..
#####.##......##
....####..##..........##.
#....[...#..............
#......@................
##.....@##.#)............
#............†...........
##......##..........##...
.....#<....#...............
###..#.....##.#.#.#.#....##
##....#......(....##.###
#....###.#.#.#.#..###
......####.........+


You could see Joseph (very poisoned).

Vanquished Creatures
  Maggie (D:7)
  A hornet (D:6)
  4 yaks
  Menkaure (D:6)
  Duvessa (D:5)
  An ice beast (D:7)
  A sky beast (D:5)
  The ghost of jaiteiro the Shooter, an amateur MiHu (D:3)
  A centaur (D:7)
  2 phantoms
  A kobold brigand (D:7)
  4 bullfrogs
  A necrophage (D:4)
  4 scorpions
  Dowan (D:5)
  A howler monkey (D:7)
  A jelly (D:5)
  2 hounds
  3 orc priests
  A gnoll bouda (D:6)
  3 iguanas
  2 orc wizards (D:6)
  14 gnolls
  10 adders
  A white imp (D:6)
  An ufetubus (D:5)
  2 worms (D:2)
  2 dart slugs
  9 orcs
  11 ball pythons
  2 bats (D:3)
  5 endoplasms
  2 giant cockroaches (D:1)
  11 goblins
  9 hobgoblins
  8 kobolds
  5 quokkas
  2 frilled lizards
  2 rats (D:2)
134 creatures vanquished.

Vanquished Creatures (others)
  6 plants (D:4)
6 creatures vanquished.

Grand Total: 140 creatures vanquished

Notes
Turn   | Place    | Note
-------+----------+-------------------------------------------
     0 | D:1      | Exodus22XD the Demonspawn Gladiator began the quest for the
                  | Orb.
     0 | D:1      | Reached XP level 1. HP: 16/16 MP: 1/1
   293 | D:1      | Gained mutation: You regenerate a little health from kills.
                  | [demonic ancestry]
   293 | D:1      | Reached XP level 2. HP: 22/22 MP: 2/2
   364 | D:1      | Reached skill level 3 in Polearms
  1148 | D:2      | Gained mutation: Your touch may inflict minor irresistible
                  | damage on your foes. [demonic ancestry]
  1148 | D:2      | Reached XP level 3. HP: 27/27 MP: 3/3
  1377 | D:2      | Reached skill level 1 in Armour
  1692 | D:3      | Reached XP level 4. HP: 10/34 MP: 4/4
  1976 | D:3      | Found a runed translucent door.
  1976 | D:3      | Noticed a bullfrog
  1976 | D:3      | Noticed jaiteiro's ghost (amateur MiHu)
  1999 | D:3      | Killed a bullfrog
  2000 | D:3      | Gained mutation: You may rarely emit foul miasma when
                  | damaged in melee. [demonic ancestry]
  2000 | D:3      | Reached XP level 5. HP: 25/41 MP: 5/5
  2022 | D:3      | Killed jaiteiro's ghost
  2023 | D:3      | Reached skill level 4 in Polearms
  2480 | D:3      | Found a faded altar of an unknown god.
  2496 | D:3      | Reached XP level 6. HP: 46/47 MP: 6/6
  2624 | D:4      | Found a broken altar of Ashenzari.
  2669 | D:4      | Found a staircase to the Ecumenical Temple.
  2679 | Temple   | Entered the Ecumenical Temple
  2712 | Temple   | Became a worshipper of Uskayaw the Reveller
  2806 | D:4      | Reached * piety under Uskayaw
  2867 | D:4      | Reached ** piety under Uskayaw
  2995 | D:4      | Reached skill level 1 in Invocations
  2995 | D:4      | Gained mutation: You sometimes emit foul miasma when
                  | damaged in melee. [demonic ancestry]
  2995 | D:4      | Reached XP level 7. HP: 49/52 MP: 7/7
  2995 | D:4      | Reached *** piety under Uskayaw
  3001 | D:4      | Reached **** piety under Uskayaw
  3009 | D:4      | Reached ***** piety under Uskayaw
  3075 | D:4      | Found a basalt altar of Yredelemnul.
  3364 | D:5      | Entered Level 5 of the Dungeon
  3492 | D:5      | Reached skill level 1 in Stealth
  3558 | D:5      | Reached skill level 5 in Polearms
  3691 | D:5      | Noticed Duvessa
  3694 | D:5      | Noticed Dowan
  3701 | D:5      | Killed Duvessa
  3716 | D:5      | Killed Dowan
  4279 | D:5      | Gained mutation: Your touch may inflict irresistible damage
                  | on your foes. [demonic ancestry]
  4279 | D:5      | Reached XP level 8. HP: 48/60 MP: 10/10
  4808 | D:6      | Noticed a hornet
  4815 | D:6      | Killed a hornet
  4816 | D:6      | Reached skill level 5 in Armour
  4816 | D:6      | Reached skill level 1 in Shields
  5046 | D:6      | Noticed Menkaure
  5054 | D:6      | Killed Menkaure
  5055 | D:6      | Reached skill level 6 in Polearms
  5144 | D:6      | Reached skill level 5 in Invocations
  5590 | D:7      | Reached XP level 9. HP: 29/66 MP: 12/12
  5856 | D:7      | Noticed Joseph
  6262 | D:7      | Noticed Maggie
  6278 | D:7      | Killed Maggie
  6279 | D:7      | Reached skill level 7 in Polearms
  6286 | D:7      | Mangled by Joseph

Illustrated notes

Levels and vault maps discovered:
D:1:      erik_arrival_triangle_medium, layout_basic, dk_noncrumbling_4
D:2:      layout_rooms
D:3:      layout_rooms, shapermc_ecumenical_altar_pompeii, ebering_ghost_sewer_d
D:4:      wad_woods_tower, layout_rooms,
          chequers_temple_overflow_statue_of_worship,
          minmay_temple_entry_poolview
D:5:      nicolae_cairo_tiling_very_big, layout_cave_pods, lemuel_round_altar,
          minmay_misc_feat_hallway, uniq_duvessa
D:6:      layout_basic, uniq_menkaure
D:7:      layout_cave_pools, lemuel_doored_altar,
          minmay_overflow_temple_star_quad, gammafunk_ghost_split, st_stairs_12,
          uniq_joseph, uniq_maggie
Temple:   nicolae_temple_hex_pool

Skill      XL: |  1  2  3  4  5  6  7  8  9 |
---------------+----------------------------+-----
Polearms       | 3 4 5 6 7 |  7.0
Dodging        | 3 4 |  4.0
Armour         | 1 2 3 4 5 6 |  6.4
Fighting       | 3 4 |  4.8
Invocations    | 1 3 5 6 |  6.3
Stealth        | 1 2 4 |  4.0
Shields        | 1 2 |  2.0
Throwing       | |  1.7

Action                   |  1- 3 |  4- 6 |  7- 9 || total
-------------------------+-------+-------+-------++-------
Melee: Trident           |   111 |   141 |   238 ||   490
       Touch             |     4 |    21 |    49 ||    74
       Punch             |       |       |     4 ||     4
Throw: Throwing net      |       |     3 |       ||     3
Invok: Line Pass         |       |       |     3 ||     3
  Use: Scroll            |       |     4 |     2 ||     6
       Potion            |       |       |     1 ||     1
 Stab: Paralysed         |       |       |    12 ||    12
       Confused          |       |       |     3 ||     3
Armor: Scale mail        |    37 |    42 |    80 ||   159
       Leather armour    |     1 |       |       ||     1
Dodge: Dodged            |    59 |    71 |   158 ||   288
Block: Other             |       |    22 |    50 ||    72
       Reflection        |       |     1 |     6 ||     7
